Map: 乌雷纳

Players

Quail

  • Race: Protoss Protoss
  • League: Diamond

ChinaTopZerg - Winner!

  • Race: Terran Terran
  • League: Diamond

VOD

Have the link to the VOD?

Description

Time

  • Played on: Dec. 4, 2015, 9:57 a.m.
  • Length: 14:34
Show
View Real Time Build Order
Export as new Build Order

Quail Protoss 

Build Orders: 1 Gate Expand 

Get SALT Encoding   

  12  0:01  Probe (Chrono Boost)  
  13  0:11  Probe (Chrono Boost)  
  14  0:17  Pylon  
  14  0:22  Probe (Chrono Boost)  
  15  0:33  Assimilator  
  15  0:36  Probe (Chrono Boost)  
  15  0:41  Gateway  
  16  0:45  Assimilator  
  16  0:49  Probe (Chrono Boost)  
  17  1:00  Probe (Chrono Boost)  
  18  1:10  Probe (Chrono Boost)  
  19  1:26  Nexus  
  19  1:37  Cybernetics Core  
  19  1:39  Probe (Chrono Boost)  
  20  1:51  Probe (Chrono Boost)  
  21  1:55  Pylon  
  21  2:00  Assimilator  
  22  2:01  Probe (Chrono Boost)  
  22  2:12  Probe (Chrono Boost)  
  22  2:14  Adept (Chrono Boost)  
  25  2:22  Probe (Chrono Boost)  
  26  2:33  Mothership Core  
  26  2:34  Warp Gate  
  28  2:40  Adept (Chrono Boost)  
  28  2:43  Gateway  
  30  2:45  Probe  
  31  2:54  Probe  
  31  2:56  Probe  
  33  3:04  Adept (Chrono Boost)  
  35  3:06  Probe x2  
  37  3:17  Probe  
  37  3:18  Probe  
  37  3:27  Probe  
  37  3:28  Adept (Chrono Boost)  
  37  3:30  Probe  
  37  3:31  Robotics Facility  
  41  3:38  Probe, Adept (Chrono Boost)  
  44  3:42  Pylon  
  44  3:45  Probe  
  45  3:48  Probe  
  45  3:53  Pylon  
  46  4:00  Probe  
  47  4:02  Twilight Council  
  47  4:06  Adept (Chrono Boost)  
  47  4:09  Probe  
  51  4:10  Adept (Chrono Boost)  
  51  4:12  Probe  
  53  4:18  Warp Prism (Chrono Boost)  
  55  4:27  Gateway  
  55  4:32  Gateway  
  55  4:39  Gateway  
  55  4:40  Assimilator  
  55  4:43  Assimilator  
  55  4:49  Probe x2  
  55  4:50  Observer (Chrono Boost)  
  58  5:01  Probe x2  
  56  5:19  Probe x2  
  62  5:21  Immortal (Chrono Boost)  
  62  5:27  Pylon  
  62  5:38  Pylon  
  62  5:39  Robotics Bay  
  62  5:42  Pylon  
  62  5:45  Probe x2  
  64  5:52  Adept x2  
  64  5:53  Adept  
  70  5:57  Probe x2  
  70  5:58  Resonating Glaives (Chrono Boost)  
  70  6:04  Adept  
  74  6:15  Probe x2  
  74  6:16  Gateway  
  74  6:17  Gateway  
  76  6:19  Gateway  
  76  6:21  Gateway  
  76  6:26  Nexus  
  76  6:27  Probe  
  71  6:37  Adept x2  
  71  6:38  Adept x2  
  75  6:48  Probe x2  
  77  6:55  Disruptor (Chrono Boost), Pylon  
  77  7:00  Gateway  
  80  7:06  Adept  
  80  7:07  Adept x2  
  86  7:22  Pylon  
  73  7:33  Observer (Chrono Boost)  
  73  7:37  Stalker x4  
  76  7:40  Probe, Blink  
  76  7:41  Probe x2  
  82  7:53  Probe  
  76  7:58  Probe  
  76  8:00  Probe  
  76  8:01  Adept x4  
  76  8:05  Probe  
  76  8:08  Adept x3  
  76  8:12  Probe  
  79  8:13  Probe  
  79  8:17  Probe  
  82  8:22  Probe, Pylon  
  82  8:24  Disruptor (Chrono Boost), Pylon  
  82  8:25  Probe  
  87  8:30  Probe  
  87  8:33  Probe  
  88  8:34  Adept  
  88  8:37  Probe  
  88  8:42  Probe  
  88  8:43  Probe  
  87  8:49  Adept x4  
  87  8:50  Probe  
  82  9:11  Adept  
  82  9:12  Adept x4  
  79  9:19  Disruptor (Chrono Boost)  
  68  9:29  Adept x4  
  76  9:43  Adept x3  
  82  9:58  Adept x4  
  85  10:13  Stalker x3  
  64  10:29  Stalker x3  
  64  10:30  Stalker  
  56  10:50  Adept x5  
  56  10:56  Sentry  
  65  11:03  Adept x2  
  69  11:06  Probe  
  69  11:07  Probe  
  63  11:19  Probe  
  63  11:23  Adept x2  
  56  11:45  Nexus  
  52  11:53  Stalker  
  44  12:08  Adept x3  
  50  12:18  Sentry  
  50  12:19  Templar Archives  
  50  12:20  Probe  
  50  12:21  Probe  
  54  12:35  Observer (Chrono Boost)  
  54  12:37  Stalker x2  
  57  12:44  Probe  
  57  12:45  Probe  
  53  12:55  Adept x2  
  53  12:57  Probe, High Templar  
  58  13:04  Adept x2  
  62  13:11  Adept  
  59  13:17  Adept  
  51  13:22  Sentry  
  45  13:30  Adept  
  40  13:45  Adept x2  
  44  13:55  Adept  
  44  13:58  Adept  
  42  14:19  Adept x2  
Show
View Real Time Build Order
Export as new Build Order

ChinaTopZerg Terran - Winner!

Build Orders: Command Center First (CC), MMM Bio 

Get SALT Encoding   

  12  0:01  SCV  
  13  0:14  SCV  
  14  0:18  Supply Depot  
  14  0:26  SCV  
  15  0:39  SCV  
  16  0:52  SCV  
  17  1:03  Command Center  
  17  1:05  SCV  
  18  1:17  Barracks  
  18  1:19  SCV  
  18  1:24  Refinery  
  19  1:32  SCV  
  20  1:42  Supply Depot  
  20  1:44  SCV  
  21  1:56  SCV, Barracks  
  22  2:04  Marine  
  22  2:08  Orbital Command  
  23  2:16  Orbital Command  
  23  2:23  Marine  
  24  2:35  Factory  
  24  2:43  Bunker  
  24  2:44  Marine  
  24  2:46  Barracks Tech Lab  
  24  2:48  SCV  
  26  2:52  Refinery  
  26  3:03  SCV  
  26  3:04  Marine  
  26  3:24  SCV x2  
  26  3:25  Marine x2  
  26  3:26  Widow Mine  
  31  3:36  SCV  
  31  3:37  SCV  
  31  3:39  Engineering Bay  
  33  3:44  Barracks, Marine  
  33  3:46  Marine  
  35  3:49  SCV x2  
  37  4:01  SCV x2  
  39  4:03  Factory Reactor  
  39  4:06  Terran Infantry Weapons Level 1, Starport  
  39  4:09  Missile Turret  
  39  4:10  Missile Turret  
  39  4:13  SCV x2  
  39  4:14  Stimpack, Marine  
  39  4:17  Marine  
  41  4:35  Barracks Tech Lab  
  41  4:40  Marauder  
  41  4:44  Supply Depot  
  41  4:45  Starport Reactor  
  43  4:46  Supply Depot  
  32  5:21  Marauder  
  32  5:22  Barracks Reactor, Marauder  
  32  5:23  Widow Mine x2  
  40  5:38  SCV  
  40  5:39  SCV  
  42  5:43  Marauder x2  
  42  5:44  Medivac  
  42  5:46  Combat Shields  
  48  5:50  SCV  
  48  5:51  SCV  
  50  6:02  SCV  
  50  6:03  SCV  
  52  6:08  Marauder  
  52  6:09  Marauder, Marine x2  
  58  6:14  SCV  
  58  6:15  SCV  
  54  6:26  SCV, Marine  
  54  6:27  SCV  
  48  6:38  SCV  
  48  6:39  SCV  
  46  6:50  SCV  
  46  6:51  SCV  
  48  6:57  Missile Turret  
  48  7:02  Marine x2  
  48  7:03  SCV x2  
  52  7:15  SCV  
  53  7:16  SCV  
  53  7:19  Marine  
  55  7:27  SCV  
  55  7:28  SCV  
  56  7:36  Terran Infantry Armor Level 1, Marine  
  57  7:37  Marine  
  57  7:38  Marauder x2  
  57  7:39  Concussive Shells  
  62  7:44  SCV x2  
  62  7:46  Supply Depot  
  62  7:54  Marine  
  61  8:27  Marauder x2, Marine x2  
  67  8:45  Marine x2  
  69  8:48  Marine  
  69  8:49  Marauder  
  69  8:52  Medivac  
  69  8:53  Medivac  
  69  8:54  SCV  
  69  8:55  SCV  
  77  9:03  Marine  
  77  9:04  Marine  
  77  9:07  SCV x2  
  77  9:09  Marauder  
  77  9:10  Marauder  
  64  9:19  SCV  
  64  9:21  Marine  
  64  9:22  Medivac, Marine  
  64  9:23  Medivac  
  60  9:30  Marauder  
  62  9:32  Marauder  
  62  9:36  SCV x2  
  66  9:38  Marine  
  66  9:40  Marine  
  68  9:48  SCV  
  68  9:49  SCV  
  68  9:51  Marauder  
  72  9:53  Marauder  
  72  9:56  Marine  
  72  9:58  Marine  
  69  10:13  Marauder  
  64  10:14  Marine x2  
  60  10:27  Marine  
  54  10:32  Marauder, Marine  
  54  10:34  Marauder  
  52  10:45  Marine  
  52  10:50  Marine  
  52  10:54  Marauder  
  52  10:56  Marauder  
  57  11:03  Marine  
  56  11:07  Marine  
  52  11:15  Marauder  
  52  11:17  Marauder  
  48  11:21  Marine  
  48  11:23  Widow Mine x2  
  51  11:25  Marine  
  50  11:36  Marauder  
  50  11:38  Marauder  
  50  11:39  Marine  
  51  11:43  Marine  
  39  11:56  Marine  
  39  11:58  Marauder  
  39  12:00  Marauder  
  39  12:01  Marine  
  39  12:08  SCV  
  39  12:09  SCV  
  39  12:14  Marine  
  42  12:19  Marauder, Marine  
  42  12:21  Marauder  
  47  12:27  Command Center  
  47  12:32  Marine  
  47  12:37  Marine  
  48  12:40  Marine  
  48  12:42  Marine  
  48  12:43  Barracks  
  51  12:50  Marine  
  51  12:54  Marine  
  54  12:58  Marauder  
  54  13:00  Marauder  
  56  13:08  Marine  
  56  13:12  Marine  
  55  13:20  Marauder  
  55  13:22  Marauder  
  55  13:25  Marine  
  58  13:30  Marine  
  61  13:41  Marauder  
  61  13:43  Marine, Marauder  
  61  13:48  Marine  
  65  13:49  SCV x2, Armory  
  67  14:01  SCV, Marine  
  71  14:03  Marauder  
  71  14:04  Marauder  
  71  14:06  Marine  
Tags
 
Add a new tag
Caveats
  • Supply blocks, unpowered buildings, or Contaminate may cause inaccurate times.
  • Supply counts are checked every 10 seconds.